 Dungeon Crawl Stone Soup version bcrawl-1.19.1 (webtiles) character file.

Game seed: 3205984850899590940

30 Freyura the Chopper (level 3, 23/23 HPs)
             Began as a Skeleton Reaver on Nov 25, 2019.
             Was a Follower of Vehumet.
             Safely got out of the dungeon.
             The game lasted 00:03:47 (1128 turns).

Freyura the Chopper (Skeleton Reaver)               Turns: 1128, Time: 00:03:47

Health: 23/23      AC:  5    Str: 17      XL:     3   Next: 5%
Magic:  7/7        EV: 12    Int: 12      God:    Vehumet [*.....]
Gold:   115        SH:  0    Dex:  6 (8)  Spells: 7/8 levels left

rFire    . . .     SeeInvis .   a - +0 war axe
rCold    + . .     Gourm    .   (no shield)
rNeg     + + +     Faith    .   b - +0 steam dragon scales
rPois    ∞         Spirit   +   (no helmet)
rElec    .         Reflect  .   (no cloak)
rCorr    .         Harm     .   (no gloves)
MR       .....                  (no boots)
Stlth    +.........             (no amulet)
HPRegen  0.07/turn              (no ring)
MPRegen  0.10/turn              (no ring)

@: no status effects
A: no food or potions, cold resistance 1, deterioration 1, negative energy
resistance 3, torment resistance, unbreathing, magic shield, sturdy frame 1,
spell healing
a: Renounce Religion


You escaped.
You worshipped Vehumet.
Vehumet was aware of your devotion.
You were not hungry.

You visited 1 branch of the dungeon, and saw 1 of its levels.

You collected 115 gold pieces.

Inventory:

Hand Weapons
 a - a +0 war axe (weapon)
Armour
 b - +0 steam dragon scales (worn)
Jewellery
 d - an uncursed ring of magical power {unknown}
 j - an uncursed ring of ice {unknown}
Scrolls
 c - 2 scrolls of immolation
 e - a scroll of magic mapping {unknown}
 f - a scroll of noise {unknown}
 g - a scroll of remove curse {unknown}
 h - a scroll of teleportation {unknown}
 i - 2 scrolls of identify {unknown}


   Skills:
 + Level 3.2 Fighting
 * Level 4.2 Axes
 + Level 1.0 Armour
 + Level 3.2 Dodging
 + Level 3.3 Spellcasting


You had 7 spell levels left.
You knew the following spells:

 Your Spells              Type           Power        Failure   Level  Hunger
a - Magic Dart            Conj           #...         7%          1    N/A

Your spell library contained the following spells:

 Spells                   Type           Power        Failure   Level  Hunger
 Iskenderun's Battlesphe  Conj/Chrm      #.......     82%         5    N/A

Dungeon Overview and Level Annotations

Branches:
Dungeon (1/12)

Altars:


Innate Abilities, Weirdness & Mutations

You do not eat or drink.
You are immune to poison.
Your flesh is cold resistant. (rC+)
Your body sometimes deteriorates upon taking damage.
You are immune to negative energy. (rN+++)
You are immune to unholy pain and torment.
You can survive without breathing.
When hurt, damage is shared between your health and your magic reserves.
Your movements are slightly less encumbered by armour. (ER -2)
Casting spells heals you.


Message History

Done exploring.
(D) Dungeon
Where to? (? - help)
Okay, then.
(D) Dungeon
Where to? (? - help)
Okay, then.
Unknown command.
There is an open door here.
There is an open door here.
(D) Dungeon
Where to? (Enter - D:1 @ (x,y), ? - help)
What level of the Dungeon? (default 1, ? - help)
There is an open door here.
There is an open door here.
There is a large open door here.
You see here 63 stones.
There is a staircase leading out of the dungeon here.
Are you sure you want to leave the Dungeon?
This will make you lose the game!
You have escaped!

###################.########.#
≈.PP≈≈≈≈≈≈P≈≈≈P≈P##.# #.#
.≈P≈≈≈P≈PPP≈≈≈≈≈≈##.# #.#
≈PP≈≈≈≈≈≈≈≈≈≈≈≈≈≈##.# #.####
≈≈≈≈≈≈≈≈≈≈≈≈≈≈≈≈≈##.# #.#...
≈≈≈≈≈≈≈≈≈≈≈≈≈≈≈.≈##.# #.#.##
.≈≈≈..≈≈≈≈≈..≈..≈##.# #.#.#
#.≈.##.≈.≈.#P.≈#(##.########.#.#
##.####.P.######@##..........#.#
### ##### ####..#########.#
#............# #.#############
#.............. ###############
# # #


There were no monsters in sight!

Vanquished Creatures
  An ooze (D:1)
  A dart slug (D:1)
  A leopard gecko (D:1)
  2 ball pythons (D:1)
  3 goblins (D:1)
  3 hobgoblins (D:1)
  4 kobolds (D:1)
  A quokka (D:1)
  2 bats (D:1)
  2 frilled lizards (D:1)
  A rat (D:1)
21 creatures vanquished.

Notes
Turn   | Place    | Note
-------+----------+-------------------------------------------
     0 | D:1      | Freyura the Skeleton Reaver began the quest for the Orb.
     0 | D:1      | Reached XP level 1. HP: 14/14 MP: 4/4
   186 | D:1      | Reached XP level 2. HP: 17/19 MP: 6/6
   273 | D:1      | Reached skill level 4 in Axes
   714 | D:1      | Reached * piety under Vehumet
   714 | D:1      | Offered knowledge of Magic Dart by Vehumet.
   717 | D:1      | Learned a level 1 spell: Magic Dart
   989 | D:1      | Reached skill level 1 in Armour
   989 | D:1      | Reached XP level 3. HP: 23/23 MP: 7/7
  1128 | D:$      | Safely got out of the dungeon.

Skill      XL: |  1  2 |
---------------+-------+-----
Axes           | 4 |  4.2
Armour         | 1 |  1.0
Fighting       | |  3.2
Dodging        | |  3.2
Spellcasting   | |  3.3

Action                   || total
-------------------------++-------
Melee: War axe           ||    73
Armor: Steam dragon scal ||    23
Dodge: Dodged            ||    55
